 Dungeon Crawl Stone Soup version 0.32-a0-886-g41c5271027 (webtiles) character file.

Game seed: 11187641696353831374

133 ragingrage the Ruffian (level 5, 0/37 HPs)
             Began as a Barachi Shapeshifter on Apr 2, 2024.
             Was an Initiate of Fedhas.
             Slain by Pikel
             ... wielding a +0 whip of freezing
              (5 damage)
             ... on level 4 of the Dungeon.
             The game lasted 00:02:18 (1888 turns).

ragingrage the Ruffian (Barachi Shapeshifter)       Turns: 1888, Time: 00:02:18

Health: 0/37       AC:  5    Str: 18    XL:     5   Next: 16%
Magic:  5/5        EV: 15    Int: 10    God:    Fedhas [......]
Gold:   127        SH:  0    Dex: 11    Spells: 4/4 levels left

rFire   . .          .
                       - Unarmed
rCold   . . .        (no shield)
rNeg    . . .        f - +0 ring mail
rPois   .            (helmet currently unavailable)
rElec   .            (cloak currently unavailable)
rCorr   .            (gloves currently unavailable)
SInv    .            (boots currently unavailable)
Will    +....        (no amulet)
Stlth   +            m - ring of willpower
HPRegen 0.26/turn    q - +5 ring of evasion
MPRegen 0.09/turn

%: no passive effects
@: beast-form, slow
A: beast (slay +1), amphibious, slowness 1, strong legs 1, +LOS
a: Hop, Begin Untransformation, Renounce Religion


You were on level 4 of the Dungeon.
You worshipped Fedhas.
Fedhas was noncommittal.
You were a hulking beast.
You visited 1 branch of the dungeon, and saw 4 of its levels.

You collected 127 gold pieces.

Inventory:

Hand Weapons
 b - a +0 arbalest
Missiles
 a - a throwing net
 v - 6 poisoned darts
Armour
 f - a +0 ring mail (worn)
 i - a +0 cloak
Jewellery
 m - a ring of willpower (left hand)
 q - a +5 ring of evasion (right hand)
Talismans
 c - a beast talisman (active)
 d - a flux talisman
Scrolls
 e - 3 scrolls of vulnerability {unknown}
 g - 2 scrolls of poison {unknown}
 j - a scroll of revelation {unknown}
 k - 3 scrolls of identify {unknown}
 n - a scroll of teleportation {unknown}
 o - a scroll of blinking {unknown}
 p - a scroll of enchant armour {unknown}
 u - a scroll of torment {unknown}
 w - a scroll of amnesia {unknown}
Potions
 h - a potion of magic {unknown}
 l - a potion of resistance {unknown}
 r - a potion of degeneration {unknown}
 t - a potion of curing {unknown}


   Skills:
 - Level 1.2 Fighting
 + Level 3.3 Ranged Weapons
 - Level 2.1 Dodging
 - Level 4.9 Unarmed Combat
 - Level 3.2 Shapeshifting


You had 4 spell levels left.
You didn't know any spells.
Your spell library contained the following spells:

 Spells                   Type           Power      Damage    Failure   Level
 Call Imp                 Summ           0%         N/A       71%         2
 Sublimation of Blood     Necr           0%         N/A       71%         2
 Summon Hydra             Summ           0%         N/A       100%        7


Dungeon Overview and Level Annotations

Branches:
Dungeon (4/15)             Temple (0/1) D:4

Altars:
Fedhas

Annotations:
D:3 exclusion: downstairs
D:4 Pikel


Innate Abilities, Weirdness & Mutations

You are a hulking beast.
Your limbs bulge with bestial killing power. (Slay +1)
You are amphibious.
You cover ground slowly.
You can hop short distances.
You have an extended range of vision and can be seen from far away.


Message History

Your damage rating with unarmed combat is about 19 (Base [12 + 4 (UC)] x 120% (Str) x 102% (Fight)).
The ball python hisses angrily.
You smack Pikel!
You barely miss Pikel.
Pikel hits you with a +0 whip of freezing.
Pikel freezes you.
You closely miss Pikel.
Your transformation is almost over.
Pikel hits you but does no damage.
You closely miss Pikel. Your punch misses Pikel.
Pikel hits you with a +0 whip of freezing.
Pikel freezes you.
You miss Pikel. Pikel hits you but does no damage.
You miss Pikel. Pikel completely misses you.
You barely miss Pikel. Pikel hits you but does no damage.
You hit Pikel.
Pikel hits you with a +0 whip of freezing.
Pikel freezes you.
You closely miss Pikel. Pikel hits you but does no damage.
You closely miss Pikel. Your punch misses Pikel.
Pikel hits you but does no damage.
You hit Pikel. Pikel hits you but does no damage.
You closely miss Pikel.
You smack Pikel!
Pikel hits you with a +0 whip of freezing.
Pikel freezes you.
You closely miss Pikel.
You feel less wooden.
Your +0 ring mail unmelds from your body.
You turn into a hulking beast.
Pikel hits you with a +0 whip of freezing.
Pikel freezes you.
You hit Pikel. Pikel completely misses you.
You hit Pikel.
Pikel hits you with a +0 whip of freezing!
* * * LOW HITPOINT WARNING * * *
Pikel freezes you.
You die...
Pikel says, "Another soul for the market."
Fedhas appreciates your contribution to the ecosystem.

...................
#####..#.##########
...................
#####..#.##########
##..#.#... ....
......... .....
..)..#'#.# ..####
####.#..S.#5ß>ß...
#h##.#............
#K## #..<.#. ...
#55......##.. ..
.S........ .
.#.####..### .....
...# #. ### ##.# ..
#. .. #.


You could see Pikel, 2 lemures and a ball python.

Vanquished Creatures
  A lemure (D:3)
  Terence (D:3)
  Jessica (D:3)
  3 adders
  2 orcs (D:3)
  5 ball pythons
  3 bats
  2 endoplasms (D:2)
  5 goblins
  6 hobgoblins
  6 jackals
  3 quokkas
  7 kobolds
  4 rats
49 creatures vanquished.

Notes
Turn   | Place    | Note
-------+----------+-------------------------------------------
     0 | D:1      | ragingrage the Barachi Shapeshifter began the quest for the
                  | Orb.
     0 | D:1      | Reached XP level 1. HP: 15/15 MP: 1/1
   142 | D:1      | Reached XP level 2. HP: 18/21 MP: 2/2
   176 | D:1      | Reached skill level 4 in Unarmed Combat
   529 | D:1      | Reached XP level 3. HP: 24/26 MP: 3/3
  1216 | D:3      | Noticed Jessica
  1220 | D:3      | Killed Jessica
  1221 | D:3      | Reached skill level 1 in Ranged Weapons
  1221 | D:3      | Reached XP level 4. HP: 18/32 MP: 4/4
  1318 | D:3      | Found a faded altar of an unknown god.
  1396 | D:3      | Found a blossoming altar of Fedhas.
  1399 | D:3      | Noticed Terence
  1420 | D:3      | Killed Terence
  1477 | D:3      | Became a worshipper of Fedhas Madash
  1604 | D:3      | Reached XP level 5. HP: 36/37 MP: 5/5
  1640 | D:4      | Noticed a lemure
  1713 | D:4      | Noticed a lemure
  1713 | D:4      | Noticed a lemure
  1713 | D:4      | Found a staircase to the Ecumenical Temple.
  1721 | D:3      | Killed a lemure
  1854 | D:4      | Noticed Pikel
  1863 | D:4      | Noticed a lemure
  1888 | D:4      | Slain by Pikel

Illustrated notes

Levels and vault maps discovered:
D:1:      dpeg_arrival_lava_altar, layout_rooms, minmay_3d_cube
D:2:      layout_rooms
D:3:      layout_basic, mainiacjoe_overflow_boulevard, basic_ecumenical_altar,
          uniq_jessica, uniq_terence
D:4:      layout_basic, mainiacjoe_overflow_chevrons, temple_statues,
          uniq_blork_the_orc, uniq_pikel

Skill      XL: |  1  2  3  4 |
---------------+-------------+-----
Unarmed Combat | 4 |  4.9
Ranged Weapons | 1 3 |  3.3
Fighting       | |  1.2
Dodging        | |  2.1
Shapeshifting  | |  3.2

Action                     |  1- 3 |  4- 6 || total
---------------------------+-------+-------++-------
  Melee: Unarmed           |    77 |    34 ||   111
   Fire: Arbalest          |    22 |    37 ||    59
         Sling             |    11 |       ||    11
Ability: Hop               |     1 |     2 ||     3
    Use: Potion            |       |     1 ||     1
 Armour: Animal skin       |     9 |       ||     9
         Ring mail         |    40 |    26 ||    66
         Skin              |       |    18 ||    18
  Dodge: Dodged            |    69 |    45 ||   114

Table legend: (Time is in decaauts)
 A = Elapsed time spent in this place.
 B = Non-inter-level travel time spent in this place.
 C = Inter-level travel time spent in this place.
 D = Time resting spent in this place.
 E = Time spent auto-exploring this place.
 F = Levels seen in this place.
 G = Mean time per level.
                   A        B        C        D        E       F      G
               +--------+--------+--------+--------+--------+-----+--------+
         Total |   2193 |   2088 |    105 |    204 |   1370 |   4 |  548.2 |
       Dungeon |   2193 |   2088 |    105 |    204 |   1370 |   4 |  548.2 |
               +--------+--------+--------+--------+--------+-----+--------+

Top non-repeatable levels by time:
     D:3: 833 daAuts
     D:1: 686 daAuts
     D:2: 505 daAuts
     D:4: 167 daAuts
